 Dungeon Crawl Stone Soup version 0.26.0-7-g794d0892b4 (webtiles) character file.

Game seed: 8280323012358730210

42 H0rd4k the Magician (level 3, -4/19 HPs)
             Began as a Deep Elf Hedge Wizard on Jan 11, 2021.
             Slain by Sigmund
             ... wielding a +0 scythe
              (9 damage)
             ... on level 2 of the Dungeon.
             The game lasted 00:01:55 (1453 turns).

H0rd4k the Magician (Deep Elf Hedge Wizard)         Turns: 1453, Time: 00:01:55

Health: -4/19      AC:  2    Str:  7    XL:     3   Next: 35%
Magic:  5/12       EV: 13    Int: 19    God:
Gold:   94         SH:  0    Dex: 14    Spells: 4/13 levels left

rFire    . . .     SeeInvis .   h - +2 dagger (holy)
rCold    . . .     Faith    .   (no shield)
rNeg     . . .     Spirit   .   b - +0 robe
rPois    .         Reflect  .   c - +0 hat
rElec    .         Harm     .   (no cloak)
rCorr    .         Rampage  .   (no gloves)
Will     .....                  (no boots)
Stlth    ++........             (no amulet)
HPRegen  0.06/turn              (no ring)
MPRegen  0.13/turn              (no ring)

@: no status effects
A: no striking features
a: no special abilities


You were on level 2 of the Dungeon.
You visited 1 branch of the dungeon, and saw 2 of its levels.

You collected 94 gold pieces.

Inventory:

Hand Weapons
 a - a +0 dagger
 h - a +2 dagger of holy wrath (weapon)
Missiles
 o - 7 atropa-tipped darts
Armour
 b - a +0 robe (worn)
 c - a +0 hat (worn)
Scrolls
 e - 2 scrolls of remove curse {unknown}
 g - 2 scrolls of identify {unknown}
 i - a scroll of blinking {unknown}
 l - a scroll of teleportation {unknown}
 n - 2 scrolls of magic mapping {unknown}
Potions
 d - 2 potions of ambrosia {unknown}
 f - 2 potions of heal wounds {unknown}
 j - a potion of brilliance {unknown}
 k - a potion of invisibility {unknown}
 m - a potion of curing {unknown}


   Skills:
 + Level 2.7 Dodging
 + Level 2.7 Stealth
 + Level 5.7 Spellcasting
 + Level 1.2 Conjurations
 + Level 1.1 Summonings
 + Level 1.1 Translocations
 * Level 0.1 Fire Magic
 * Level 0.1 Air Magic
 * Level 0.1 Poison Magic


You had 4 spell levels left.
You knew the following spells:

 Your Spells              Type           Power        Failure   Level
a - Magic Dart            Conj           40%          7%          1
b - Blink                 Tloc           N/A          11%         2
c - Conjure Flame         Conj/Fire      8%           26%         3
d - Mephitic Cloud        Conj/Pois/Air  7%           28%         3

Your spell library contained the following spells:

 Spells                   Type           Power        Failure   Level
 Call Imp                 Summ           9%           11%         2
 Slow                     Hex            5%           17%         2


Dungeon Overview and Level Annotations

Branches:
Dungeon (2/15)

Altars:

Annotations:
D:2 Sigmund


Message History

The magic dart hits Sigmund.
Sigmund is lightly wounded.
Sigmund shouts!
Sigmund gestures at you while chanting.
You are confused.
A kobold comes into view.
Sigmund barely misses you.
You see here a stone.
The kobold shouts!
Sigmund misses you.
You hit Sigmund.
Sigmund is lightly wounded.
You bump into the rock wall.
Sigmund hits you with a +0 scythe!
Ouch! That really hurt!
The kobold hits you.
* * * LOW HITPOINT WARNING * * *
You're too confused to move!
You feel less confused. The kobold barely misses you.
Sigmund hits you with a +0 scythe!
You die...

.......... ... ..#
.........# ...##.##
.........###... .....#
............... ##..#
#K# ### ###....
#g###.#### #<.g..#
#.#......# ###+#.#
...##.#.#.##.# ###......
...'.$K@@..#.# #.+.....#
...#.##(#.##.###.#.g...#
#.......#...g.......'
####....#####.......#
####.#...#.....#.#
#.....##.####.#
##.....#.####.#
#.##..#......#
#.##..########


You could see Sigmund and a kobold.

Vanquished Creatures
  2 adders (D:2)
  2 leopard geckos
  2 giant cockroaches
  4 goblins (D:1)
  A hobgoblin (D:1)
  2 jackals
  2 kobolds
  A quokka (D:1)
  A bat (D:2)
  A frilled lizard (D:1)
  4 rats (D:1)
22 creatures vanquished.

Notes
Turn   | Place    | Note
-------+----------+-------------------------------------------
     0 | D:1      | H0rd4k the Deep Elf Hedge Wizard began the quest for the
                  | Orb.
     0 | D:1      | Reached XP level 1. HP: 10/10 MP: 7/7
   460 | D:1      | Reached XP level 2. HP: 15/15 MP: 6/9
   491 | D:1      | Reached skill level 5 in Spellcasting
  1086 | D:2      | Reached XP level 3. HP: 19/19 MP: 3/12
  1089 | D:2      | Learned a level 2 spell: Blink
  1093 | D:2      | Learned a level 3 spell: Conjure Flame
  1097 | D:2      | Learned a level 3 spell: Mephitic Cloud
  1268 | D:2      | Noticed Sigmund
  1453 | D:2      | Slain by Sigmund

Illustrated notes

Levels and vault maps discovered:
D:1:      lightli_arrival_statue_moat, layout_loops_ring, dk_noncrumbling_3,
          amcnicky_mini_rare_corridor_liquid
D:2:      layout_basic, uniq_sigmund

Skill      XL: |  1  2 |
---------------+-------+-----
Spellcasting   | 5 |  5.7
Dodging        | |  2.7
Stealth        | |  2.7
Conjurations   | |  1.2
Summonings     | |  1.1
Translocations | |  1.1
Fire Magic     | |  0.1
Air Magic      | |  0.1
Poison Magic   | |  0.1

Action                   || total
-------------------------++-------
Melee: Dagger            ||     1
 Cast: Magic Dart        ||    74
Armor: Robe              ||     6
Dodge: Dodged            ||    27
